 Dungeon Crawl Stone Soup version 0.28.0-43-g3370ac3207 (webtiles) character file.

Game seed: 3266824882249018174

238 croobank the Firebug (level 6, -9/44 HPs)
             Began as a Gnoll Fire Elementalist on Mar 16, 2022.
             Was an Initiate of Vehumet.
             Mangled by a black bear (10 damage)
             ... on level 3 of the Dungeon.
             The game lasted 00:10:24 (3444 turns).

croobank the Firebug (Gnoll Fire Elementalist)      Turns: 3444, Time: 00:10:25

Health: -9/44      AC:  2    Str:  5 (7)  XL:     6   Next: 7%
Magic:  4/13       EV: 13    Int: 17      God:    Vehumet [......]
Gold:   138        SH:  0    Dex: 10 (12) Spells: 5/15 levels left

rFire   + . .      SeeInvis .   n - staff of fire
rCold   . . .      Faith    .   (no shield)
rNeg    . . .      Spirit   .   a - +0 robe
rPois   .          Reflect  .   (no helmet)
rElec   .          Harm     .   (no cloak)
rCorr   .          Rampage  .   (no gloves)
Will    .....                   (no boots)
Stlth   ++........              (no amulet)
HPRegen 0.14/turn               (no ring)
MPRegen 0.13/turn               (no ring)

@: flying
A: fangs 1, strong nose, distributed training
a: Renounce Religion


You were on level 3 of the Dungeon.
You worshipped Vehumet.
Vehumet was noncommittal.
You visited 1 branch of the dungeon, and saw 4 of its levels.

You collected 138 gold pieces.

Inventory:

Hand Weapons
 f - a +0 falchion
Missiles
 h - 76 stones
 k - 16 arrows
Armour
 a - a +0 robe (worn)
 j - a +0 leather armour
Magical Staves
 n - a staff of fire (weapon)
Jewellery
 g - a ring of poison resistance
 p - a +6 ring of intelligence
Scrolls
 b - 2 scrolls of magic mapping
 c - a scroll of noise
 l - a scroll of brand weapon {unknown}
Potions
 d - 2 potions of degeneration
 e - a potion of resistance


   Skills:
 + Level 1.8 Fighting
 + Level 1.8 Short Blades
 + Level 1.8 Long Blades
 + Level 1.8 Axes
 + Level 1.8 Maces & Flails
 + Level 1.8 Polearms
 + Level 1.8 Staves
 + Level 1.8 Slings
 + Level 1.8 Bows
 + Level 1.8 Crossbows
 + Level 1.8 Throwing
 + Level 1.8 Armour
 + Level 4.9 Dodging
 + Level 4.5 Stealth
 + Level 1.8 Shields
 + Level 1.8 Unarmed Combat
 + Level 5.3 Spellcasting
 + Level 2.5 Conjurations
 + Level 1.4 Hexes
 + Level 1.4 Summonings
 + Level 1.4 Necromancy
 + Level 1.4 Translocations
 + Level 1.4 Transmutations
 + Level 5.6 Fire Magic
 + Level 1.4 Ice Magic
 + Level 1.4 Air Magic
 + Level 1.4 Earth Magic
 + Level 1.4 Poison Magic
 + Level 2.0 Invocations
 + Level 1.8 Evocations


You had 5 spell levels left.
You knew the following spells:

 Your Spells              Type           Power      Damage    Failure   Level
a - Foxfire               Conj/Fire      100%       2x1d9     2%          1
b - Scorch                Fire           70%        2d8       1%          2
c - Flame Wave            Conj/Fire      27%        2d7       26%         4
d - Mephitic Cloud        Conj/Pois/Air  10%        N/A       21%         3

Your spell library contained the following spells:

 Spells                   Type           Power      Damage    Failure   Level
 Conjure Flame            Conj/Fire      27%        6-21      8%          3
 Inner Flame              Hex/Fire       24%        N/A       10%         3
 Ensorcelled Hibernation  Hex/Ice        18%        N/A       12%         2
 Ignite Poison            Fire/Tmut/Pois 21%        N/A       13%         3
 Confusing Touch          Hex            9%         N/A       24%         3
 Spider Form              Tmut/Pois      9%         N/A       24%         3
 Anguish                  Hex/Necr       4%         N/A       61%         4
 Freezing Cloud           Conj/Ice/Air   5%         6-21      88%         5
 Yara's Violent Unravell  Hex/Tmut       4%         3d4       91%         5
 Enfeeble                 Hex            4%         N/A       100%        7


Dungeon Overview and Level Annotations

Branches:
Dungeon (4/15)
 Temple: D:4-7

Altars:
Vehumet


Innate Abilities, Weirdness & Mutations

You have very sharp teeth.
Your uncanny sense of smell can sniff out nearby items.
Your experience applies equally to all skills.


Message History

2 orcs come into view.
The orc shouts!
You hear a shout! x2
The foxfire hits the black bear!
The black bear is burned terribly!
The black bear is severely wounded.
The black bear goes berserk!
Found a stone staircase leading up.
You hear an angry growl.
You hear a distant slurping noise.
An orc comes into view. It is wielding a +0 flail.
You hear a shout!
You hear an angry hiss.
A hobgoblin comes into view.
The black bear bites you. The black bear claws you.
The black bear barely misses you.
A hobgoblin comes into view.
Found 28 gold pieces.
The hobgoblin shouts!
The black bear bites you! The black bear claws you.
* * * LOW HITPOINT WARNING * * *
The black bear closely misses you.
Okay, then.
It was a potion of heal wounds.
You feel much better. The black bear bites you! The black bear claws you. x2
The black bear closely misses you. The black bear misses you.
The black bear closely misses you.
There is a stone staircase leading up here.
The black bear bites you! The black bear claws you.
* * * LOW HITPOINT WARNING * * *
The black bear claws you.
* * * LOW HITPOINT WARNING * * *
The black bear bites you!
* * * LOW HITPOINT WARNING * * *
The black bear completely misses you. The black bear claws you.
* * * LOW HITPOINT WARNING * * *
You climb upwards.
There is a stone staircase leading down here.
Okay, then.
It was a potion of flight.
You feel very buoyant.
You fly up into the air.
The black bear bites you!
You die...

###.#...#.....#..# #.#.#
........####.##..# #.#.#
###..........##..# #.#.# #
#.....#........##### #.#.# #
#.....#.#####......# #.#.# #
#.....#.#####......####.#.#####
#
##.####.................#......
#
#.###########.h...############
# #............@....# #
#####....########## # #....# #
###### # # # # #


You could see a black bear (berserk).

Vanquished Creatures
  Terence (D:2)
  An iguana (D:2)
  Natasha (thrice) (D:2)
  Robin (D:2)
  3 adders
  An ufetubus (D:4)
  A worm (D:2)
  2 dart slugs
  2 orcs
  A ball python (D:2)
  8 endoplasms
  A giant cockroach (D:2)
  11 goblins
  9 hobgoblins
  5 kobolds
  2 quokkas
  5 bats
  A frilled lizard (D:1)
  4 rats
62 creatures vanquished.

Vanquished Creatures (collateral kills)
  2 foxfires (D:1)
2 creatures vanquished.

Vanquished Creatures (others)
  81 foxfires
81 creatures vanquished.

Grand Total: 145 creatures vanquished

Notes
Turn   | Place    | Note
-------+----------+-------------------------------------------
     0 | D:1      | croobank the Gnoll Fire Elementalist began the quest for
                  | the Orb.
     0 | D:1      | Reached XP level 1. HP: 13/13 MP: 6/6
   580 | D:1      | Reached XP level 2. HP: 19/19 MP: 5/7
   631 | D:1      | Learned a level 2 spell: Scorch
  1293 | D:1      | Found a faded altar of an unknown god.
  1367 | D:2      | Reached skill level 5 in Spellcasting
  1367 | D:2      | Reached XP level 3. HP: 25/25 MP: 4/9
  1441 | D:2      | Noticed Natasha
  1446 | D:2      | Killed Natasha
  1447 | D:2      | Reached skill level 1 in Fighting
  1447 | D:2      | Reached skill level 1 in Short Blades
  1447 | D:2      | Reached skill level 1 in Long Blades
  1447 | D:2      | Reached skill level 1 in Axes
  1447 | D:2      | Reached skill level 1 in Maces & Flails
  1447 | D:2      | Reached skill level 1 in Polearms
  1447 | D:2      | Reached skill level 1 in Staves
  1447 | D:2      | Reached skill level 1 in Slings
  1447 | D:2      | Reached skill level 1 in Bows
  1447 | D:2      | Reached skill level 1 in Crossbows
  1447 | D:2      | Reached skill level 1 in Throwing
  1447 | D:2      | Reached skill level 1 in Armour
  1447 | D:2      | Reached skill level 1 in Shields
  1447 | D:2      | Reached skill level 1 in Unarmed Combat
  1447 | D:2      | Reached skill level 1 in Invocations
  1447 | D:2      | Reached skill level 1 in Evocations
  1462 | D:2      | Reached XP level 4. HP: 19/32 MP: 2/11
  1618 | D:2      | Learned a level 4 spell: Flame Wave
  1641 | D:2      | Noticed Robin
  1650 | D:2      | Killed Robin
  1651 | D:2      | Reached skill level 1 in Hexes
  1651 | D:2      | Reached skill level 1 in Summonings
  1651 | D:2      | Reached skill level 1 in Necromancy
  1651 | D:2      | Reached skill level 1 in Translocations
  1651 | D:2      | Reached skill level 1 in Transmutations
  1651 | D:2      | Reached skill level 1 in Ice Magic
  1651 | D:2      | Reached skill level 1 in Air Magic
  1651 | D:2      | Reached skill level 1 in Earth Magic
  1651 | D:2      | Reached skill level 1 in Poison Magic
  1876 | D:2      | Learned a level 3 spell: Mephitic Cloud
  1956 | D:2      | Reached XP level 5. HP: 37/37 MP: 8/12
  1975 | D:2      | Noticed Natasha
  1980 | D:2      | Killed Natasha
  2032 | D:2      | Noticed Terence
  2041 | D:2      | Killed Terence
  2334 | D:2      | Found a radiant altar of Vehumet.
  2334 | D:2      | Noticed Natasha
  2339 | D:2      | Killed Natasha
  2352 | D:2      | Became a worshipper of Vehumet
  3275 | D:3      | Reached XP level 6. HP: 44/44 MP: 10/13
  3415 | D:4      | Noticed a black bear
  3442 | D:4      | HP: 2/44 [black bear (8)]
  3444 | D:3      | Mangled by a black bear

Illustrated notes

Levels and vault maps discovered:
D:1:      scummos_arrival_checkerplants, layout_loops_ring,
          dilly_ecumenical_altar_fadedgnrine
D:2:      layout_rooms, basic_altar, st_stairs_9, hangedman_decor_slide_cut,
          corexii_hall_statues_u, uniq_terence, uniq_robin, uniq_natasha
D:3:      layout_basic
D:4:      cheibrodos_barr_body, layout_rooms, mainiacjoe_overflow_divided_tiny

Skill      XL: |  1  2  3  4  5 |
---------------+----------------+-----
Conjurations   | 2 |  2.5
Spellcasting   | 5 |  5.3
Fighting       | 1 |  1.8
Short Blades   | 1 |  1.8
Long Blades    | 1 |  1.8
Axes           | 1 |  1.8
Maces & Flails | 1 |  1.8
Polearms       | 1 |  1.8
Staves         | 1 |  1.8
Slings         | 1 |  1.8
Bows           | 1 |  1.8
Crossbows      | 1 |  1.8
Throwing       | 1 |  1.8
Armour         | 1 |  1.8
Shields        | 1 |  1.8
Unarmed Combat | 1 |  1.8
Invocations    | 1 2 |  2.0
Evocations     | 1 |  1.8
Hexes          | 1 |  1.4
Summonings     | 1 |  1.4
Necromancy     | 1 |  1.4
Translocations | 1 |  1.4
Transmutations | 1 |  1.4
Ice Magic      | 1 |  1.4
Air Magic      | 1 |  1.4
Earth Magic    | 1 |  1.4
Poison Magic   | 1 |  1.4
Dodging        | |  4.9
Stealth        | |  4.5
Fire Magic     | |  5.6

Action                   |  1- 3 |  4- 6 || total
-------------------------+-------+-------++-------
Melee: Unarmed           |     6 |       ||     6
       Bite              |     1 |     5 ||     6
       Falchion          |     6 |    30 ||    36
       Punch             |       |     2 ||     2
       Staff             |       |     5 ||     5
 Cast: Foxfire           |    28 |    25 ||    53
       Scorch            |     9 |    30 ||    39
  Use: Potion            |       |     4 ||     4
       Scroll            |       |     8 ||     8
Armor: Robe              |     2 |     8 ||    10
Dodge: Dodged            |     6 |    37 ||    43
